 Dungeon Crawl Stone Soup version 0.23.2-1-ga50397a (webtiles) character file.

Game seed: 7698044875576531421

315 Kahibar the Gusty (level 6, -12/47 HPs)
             Began as a Draconian Air Elementalist on May 21, 2019.
             Mangled by an ice beast (13 damage)
             ... on level 4 of the Dungeon.
             The game lasted 00:32:09 (3689 turns).

Kahibar the Gusty (Draconian Air Elementalist)      Turns: 3689, Time: 00:32:09

Health: -12/47     AC:  7    Str: 10    XL:     6   Next: 20%
Magic:  9/10       EV: 12    Int: 17    God:
Gold:   145        SH:  0    Dex: 12    Spells: 7/11 levels left

rFire    . . .     SeeInvis .   g - +2 dagger (venom)
rCold    . . .     Gourm    .   (no shield)
rNeg     . . .     Faith    .   (armour unavailable)
rPois    .         Spirit   .   (helmet restricted)
rElec    .         Reflect  .   (no cloak)
rCorr    .         Harm     .   H - +0 pair of gloves
MR       .....                  (no boots)
Stlth    +.........             (no amulet)
HPRegen  0.15/turn              (no ring)
MPRegen  0.12/turn              (no ring)

@: heavily drained
A: unfitting armour, cold-blooded, AC +6
a: no special abilities


You were on level 4 of the Dungeon.
You were not hungry.

You visited 1 branch of the dungeon, and saw 6 of its levels.

You collected 145 gold pieces.

Inventory:

Hand Weapons
 g - a +2 dagger of venom (weapon)
 r - a +0 hunting sling
 z - a +2 vampiric dagger
 C - a +0 arbalest
 D - a +3 dagger
Missiles
 c - 208 stones (quivered)
 e - 25 sling bullets
 f - 27 poisoned needles
 n - 21 bolts
 y - 24 arrows
 F - 2 tomahawks
Armour
 H - a +0 pair of gloves (worn)
Wands
 s - a wand of digging (12)
Scrolls
 d - 2 scrolls of teleportation {unknown}
 k - 4 scrolls of remove curse
 m - 2 scrolls of blinking
 p - 3 scrolls of identify {unknown}
 q - 2 scrolls of enchant weapon {unknown}
 v - 2 scrolls of noise {unknown}
 x - a scroll of enchant armour {unknown}
 G - a scroll of fog {unknown}
Potions
 a - 3 potions of curing {unknown}
 h - a potion of brilliance {unknown}
 o - a potion of degeneration {unknown}
 t - a potion of lignification {unknown}
 w - a potion of haste
 E - a potion of heal wounds {unknown}
Comestibles
 b - 6 rations


   Skills:
 + Level 1.5(0.0) Fighting
 + Level 1.8(0.2) Short Blades
 + Level 2.7(1.2) Dodging
 + Level 2.3(0.7) Stealth
 + Level 3.2(1.6) Spellcasting
 + Level 2.1(0.5) Conjurations
 + Level 4.5(2.9) Air Magic


You had 7 spell levels left.
You knew the following spells:

 Your Spells              Type           Power        Failure   Level  Hunger
a - Shock                 Conj/Air       #...         10%         1    ##.....
b - Static Discharge      Conj/Air       #.......     30%         3    ####...

Your spell library contained the following spells:

 Spells                   Type           Power        Failure   Level  Hunger
 Swiftness                Chrm/Air       #.......     17%         2    ###....
 Airstrike                Air            ##........   52%         4    #####..
 Lightning Bolt           Conj/Air       #.........   95%         5    ######.


Dungeon Overview and Level Annotations

Branches:
Dungeon (6/15)
 Temple: D:4-7

Altars:
Fedhas
Qazlal


Innate Abilities, Weirdness & Mutations

Your plain brown scales are hard. (AC +6)
You cannot fit into any form of body armour.
You are cold-blooded and may be slowed by cold attacks.


Message History

Aiming: Shock (safe; 10% risk of failure)
Press: ? - help, Shift-Dir - straight line, f/p - ice beast
Aim: an ice beast The zap hits the ice beast.
The ice beast is lightly wounded.
The ice beast hits you.
* * * LOW HITPOINT WARNING * * *
The ice beast freezes you!
* * * LOW HITPOINT WARNING * * *
Blink to where?
Press: ? - help, Dir - move target cursor, f - you, p - ice beast Are you sure you want to cancel this blink?
Okay, then.
As you read the scroll labeled GARUIQ IWKO, it crumbles to dust.
It was a scroll of blinking.
The ice beast hits you but does no damage.
The ice beast hits you.
* * * LOW HITPOINT WARNING * * *
The ice beast freezes you!
You die...

#######
#.....#
#...>.#
#.....#
#.....#
#.##..# #+
#'###+#######
#......'...@#
#......#..Y.#
#############


You could see an ice beast.

Vanquished Creatures
  A scorpion (D:3)
  2 vampire bats (D:3)
  2 orc wizards (D:3)
  Ijyb (D:3)
  Terence (D:2)
  An adder (D:4)
  An adder skeleton (D:4)
  A worm (D:2)
  A dart slug (D:1)
  5 leopard geckos
  6 orcs
  3 giant cockroaches
  7 goblins
  3 hobgoblins
  2 jackals (D:4)
  4 kobolds
  A quokka (D:3)
  2 ball pythons
  8 bats (D:3)
  3 frilled lizards
  5 rats
60 creatures vanquished.

Notes
Turn   | Place    | Note
-------+----------+-------------------------------------------
     0 | D:1      | Kahibar the Draconian Air Elementalist began the quest for
                  | the Orb.
     0 | D:1      | Reached XP level 1. HP: 14/14 MP: 3/3
   257 | D:1      | Reached XP level 2. HP: 20/20 MP: 0/5
   871 | D:2      | Noticed Terence
   889 | D:2      | Killed Terence
   889 | D:2      | Reached XP level 3. HP: 26/26 MP: 1/6
  1009 | D:2      | Learned a level 3 spell: Static Discharge
  1469 | D:3      | Reached skill level 4 in Air Magic
  1490 | D:3      | Noticed Ijyb
  1499 | D:3      | Found a blossoming altar of Fedhas.
  1507 | D:3      | Found a stormy altar of Qazlal.
  1525 | D:3      | Killed Ijyb
  1525 | D:3      | Reached XP level 4. HP: 20/33 MP: 5/8
  1995 | D:3      | Reached XP level 5. HP: 37/39 MP: 7/9
  2016 | D:3      | Reached skill level 1 in Short Blades
  2047 | D:3      | Reached skill level 1 in Fighting
  2143 | D:3      | Reached XP level 6. HP: 41/47 MP: 7/10
  3266 | D:4      | You fall through a shaft for 2 floors!
  3350 | D:5      | Entered Level 5 of the Dungeon
  3646 | D:5      | Noticed an ice beast
  3686 | D:4      | HP: 1/47 [ice beast (11)]
  3689 | D:4      | Mangled by an ice beast

Skill      XL: |  1  2  3  4  5 |
---------------+----------------+-----
Air Magic      | 4 |  4.5
Dodging        | 2 |  2.7
Stealth        | 2 |  2.3
Short Blades   | 1 |  1.8
Spellcasting   | 3 |  3.2
Fighting       | 1 |  1.5
Conjurations   | 2 |  2.1

Action                   |  1- 3 |  4- 6 || total
-------------------------+-------+-------++-------
Melee: Dagger            |    51 |   103 ||   154
       Tailslap          |     5 |    14 ||    19
 Cast: Shock             |    19 |    24 ||    43
  Use: Scroll            |       |     2 ||     2
 Stab: Sleeping          |       |     4 ||     4
  Eat: Chunk             |     2 |     6 ||     8
       Ration            |       |     1 ||     1
Armor: Skin              |    13 |    48 ||    61
Dodge: Dodged            |    23 |    78 ||   101
